 Dungeon Crawl Stone Soup version 0.21-b1-23-g1fb0a74 (webtiles) character file.

1596 KeeTraxx the Charmwright (level 8, -4/64 HPs)
             Began as a Gnoll Skald on Jan 5, 2018.
             Slain by an orc warrior
             ... wielding a +0 battleaxe
              (9 damage)
             ... on level 7 of the Dungeon.
             The game lasted 00:14:21 (5876 turns).

KeeTraxx the Charmwright (Gnoll Skald)              Turns: 5876, Time: 00:14:21

Health: -4/64      AC: 10    Str: 16      XL:     8   Next: 93%
Magic:  0/26       EV: 13    Int: 20      God:
Gold:   177        SH:  0    Dex: 15 (17) Spells: 9/19 levels left

rFire    + . .     SeeInvis .   a - +1 spear
rCold    . . .     Gourm    .   (no shield)
rNeg     . . .     Faith    .   E - +1 scale mail of Fedhas's Anger {rElec rPois Str+2 Int+3} (curse)
rPois    +         Spirit   +   (no helmet)
rElec    +         Reflect  .   y - scarf {Spirit}
rCorr    .         Harm     .   v - +1 pair of gloves
MR       .....                  (no boots)
Stlth    +.........             (no amulet)
HPRegen  0.20/turn              C - ring of Joobry {rPois rF+ Dex+2}
MPRegen  0.20/turn              d - ring of magical power

@: infused
A: distributed training, fangs 1, strong nose
a: no special abilities


You were on level 7 of the Dungeon.
You were not hungry.

You visited 1 branch of the dungeon, and saw 7 of its levels.

You collected 307 gold pieces.
You spent 130 gold pieces at shops.

Inventory:

Hand Weapons
 a - a +1 spear (weapon)
 b - a +2 hunting sling of freezing
Missiles
 k - 85 stones (quivered)
 z - 5 tomahawks
 A - 32 poisoned needles
Armour
 f - a +2 robe of cold resistance
 v - a +1 pair of gloves (worn)
 y - a scarf of spirit shield (worn)
 E - the cursed +1 scale mail of Fedhas's Anger (worn) {rElec rPois Str+2 Int+3}
   (You took it off an orc priest on level 6 of the Dungeon)

   It affects your strength (+2).
   It affects your intelligence (+3).
   It insulates you from electricity.
   It protects you from poison.
   It has a curse placed upon it.
Jewellery
 d - a ring of magical power (right hand)
 C - the ring of Joobry (left hand) {rPois rF+ Dex+2}
   (You bought it in a shop on level 5 of the Dungeon)

   [ring of dexterity]

   It affects your dexterity (+2).
   It protects you from fire.
   It protects you from poison.
Wands
 t - a wand of random effects (6)
 B - a wand of acid (10)
Scrolls
 e - 4 scrolls of identify
 g - 5 scrolls of remove curse
 p - 4 scrolls of teleportation {unknown}
 r - 2 scrolls of fear
 s - a scroll of enchant weapon
 D - a scroll of noise {unknown}
Potions
 h - a potion of cancellation {unknown}
 i - 3 potions of curing {unknown}
 l - 2 potions of invisibility {unknown}
 m - 2 potions of heal wounds {unknown}
 n - 2 potions of ambrosia {unknown}
 q - 2 potions of might {unknown}
 u - a potion of agility {unknown}
 x - 2 potions of haste {unknown}
Books
 c - a book of Battle

   Spells                             Type                      Level
   a - Infusion                       Charms                       1
   b - Shroud of Golubria             Charms/Translocation         2
   c - Song of Slaying                Charms                       2
   d - Spectral Weapon                Hexes/Charms                 3
   e - Regeneration                   Charms/Necromancy            3
 w - a book of Fire

   Spells                             Type                      Level
   a - Ignite Poison                  Fire/Transmutation/Poison    3
   b - Fireball                       Conjuration/Fire             5
   c - Bolt of Fire                   Conjuration/Fire             6
   d - Ring of Flames                 Charms/Fire                  7
   e - Ignition                       Fire                         8
Comestibles
 j - 9 chunks of flesh
 o - 5 rations


   Skills:
 + Level 5.9 Fighting
 + Level 3.6 Short Blades
 + Level 3.6 Long Blades
 + Level 3.6 Axes
 + Level 3.6 Maces & Flails
 + Level 5.9 Polearms
 + Level 3.6 Staves
 + Level 3.6 Slings
 + Level 3.6 Bows
 + Level 3.6 Crossbows
 + Level 3.6 Throwing
 + Level 4.5 Armour
 + Level 5.9 Dodging
 + Level 3.6 Stealth
 + Level 3.6 Shields
 + Level 3.6 Unarmed Combat
 + Level 6.2 Spellcasting
 + Level 3.0 Conjurations
 + Level 3.0 Hexes
 + Level 6.3 Charms
 + Level 3.0 Summonings
 + Level 3.0 Necromancy
 + Level 3.0 Translocations
 + Level 3.0 Transmutations
 + Level 3.0 Fire Magic
 + Level 3.0 Ice Magic
 + Level 3.0 Air Magic
 + Level 3.0 Earth Magic
 + Level 3.0 Poison Magic
 + Level 4.0 Invocations
 + Level 3.6 Evocations


You had 9 spell levels left.
You knew the following spells:

 Your Spells              Type           Power        Failure   Level  Hunger
a - Infusion              Chrm           ####         2%          1    None
b - Regeneration          Chrm/Necr      ###.......   16%         3    ##.....
c - Spectral Weapon       Hex/Chrm       ###.....     16%         3    ##.....
d - Ignite Poison         Fire/Tmut/Pois ###.....     28%         3    ##.....


Dungeon Overview and Level Annotations

Branches:
Dungeon (7/15)             Temple (0/1) D:7

Altars:
Uskayaw

Shops:
D:5 *

Annotations:
D:5 othur's ghost, novice MiFi


Innate Abilities, Weirdness & Mutations

Your experience applies equally to all skills.
You have very sharp teeth.
Your uncanny sense of smell can sniff out nearby items.


Message History

The orc warrior hits you with a battleaxe!
* * * LOW HITPOINT WARNING * * *
Unknown command.
You barely miss the orc warrior.
The orc warrior is almost dead.
Your spectral weapon barely misses the orc warrior.
The orc warrior hits you with a battleaxe.
* * * LOW HITPOINT WARNING * * *
The orc barely misses you.
Unknown command.
You hit the orc warrior.
The orc warrior is almost dead.
Your spectral weapon hits the orc warrior from afar.
Unknown command.
You hit the orc warrior but do no damage.
The orc warrior is almost dead.
Your spectral weapon barely misses the orc warrior.
The orc completely misses you.
The orc warrior hits you with a battleaxe!
You die...

#.......o# ##...#
#........## ##..5#
#.........## #...#
#####..(((.# #...#
#.###5.## #...# #.
##..## #... # #...##
###+#####...### ∆
#.....#@o.....##
#.⌠.⌠.#.o......### .
+..>..'(.........##..
#.⌠.⌠.#..............
#.....#..........#...
.###+###..........#...
......................
..................#...
......................


You could see an orc warrior, an orc and a friendly spectral spear.

Vanquished Creatures
  Prince Ribbit (D:6)
  Sigmund (D:2)
  An ice beast (D:5)
  A phantom (D:6)
  A centaur (D:5)
  A bullfrog (D:6)
  A scorpion (D:4)
  A howler monkey (D:6)
  2 crimson imps
  A jelly (D:6)
  A bullfrog zombie (D:6)
  A quasit (D:7)
  A centaur zombie (D:6)
  A hound (D:5)
  5 orc wizards
  A bullfrog skeleton (D:4)
  3 orc priests (D:6)
  Natasha (thrice) (D:2)
  2 worker ants
  8 adders
  3 shadow imps
  4 worms
  A dart slug (D:1)
  2 leopard geckos
  16 orcs
  6 giant cockroaches
  12 goblins
  9 hobgoblins
  10 jackals
  3 kobolds
  3 quokkas
  A ball python (D:1)
  A ball python skeleton (D:5)
  8 bats
  2 frilled lizards
  A jackal skeleton (D:4)
  10 rats
129 creatures vanquished.

Vanquished Creatures (others)
  4 spectral weapons
4 creatures vanquished.

Grand Total: 133 creatures vanquished

Notes
Turn   | Place    | Note
-------+----------+-------------------------------------------
     0 | D:1      | KeeTraxx the Gnoll Skald began the quest for the Orb.
     0 | D:1      | Reached XP level 1. HP: 20/20 MP: 6/6
   169 | D:1      | Reached XP level 2. HP: 22/26 MP: 7/7
   823 | D:2      | Reached skill level 5 in Spellcasting
   823 | D:2      | Reached XP level 3. HP: 30/31 MP: 5/9
   828 | D:2      | Learned a level 3 spell: Regeneration
   832 | D:2      | Learned a level 3 spell: Spectral Weapon
   851 | D:2      | Noticed Natasha
   875 | D:2      | Killed Natasha
   875 | D:2      | Reached skill level 1 in Short Blades
   875 | D:2      | Reached skill level 1 in Long Blades
   875 | D:2      | Reached skill level 1 in Axes
   875 | D:2      | Reached skill level 1 in Maces & Flails
   875 | D:2      | Reached skill level 1 in Staves
   875 | D:2      | Reached skill level 1 in Slings
   875 | D:2      | Reached skill level 1 in Bows
   875 | D:2      | Reached skill level 1 in Crossbows
   875 | D:2      | Reached skill level 1 in Throwing
   875 | D:2      | Reached skill level 1 in Stealth
   875 | D:2      | Reached skill level 1 in Shields
   875 | D:2      | Reached skill level 1 in Unarmed Combat
   875 | D:2      | Reached skill level 1 in Invocations
   875 | D:2      | Reached skill level 1 in Evocations
   877 | D:2      | Reached XP level 4. HP: 22/38 MP: 4/11
  1011 | D:2      | Noticed Natasha
  1028 | D:2      | Killed Natasha
  1028 | D:2      | Reached skill level 1 in Conjurations
  1028 | D:2      | Reached skill level 1 in Hexes
  1028 | D:2      | Reached skill level 1 in Summonings
  1028 | D:2      | Reached skill level 1 in Necromancy
  1028 | D:2      | Reached skill level 1 in Translocations
  1028 | D:2      | Reached skill level 1 in Transmutations
  1028 | D:2      | Reached skill level 1 in Fire Magic
  1028 | D:2      | Reached skill level 1 in Ice Magic
  1028 | D:2      | Reached skill level 1 in Air Magic
  1028 | D:2      | Reached skill level 1 in Earth Magic
  1028 | D:2      | Reached skill level 1 in Poison Magic
  1061 | D:2      | Noticed Natasha
  1074 | D:2      | Killed Natasha
  1074 | D:2      | Reached XP level 5. HP: 35/43 MP: 4/12
  1079 | D:2      | Noticed Sigmund
  1321 | D:2      | Killed Sigmund
  1321 | D:2      | Reached XP level 6. HP: 27/50 MP: 7/14
  1551 | D:2      | Reached skill level 5 in Fighting
  1551 | D:2      | Reached skill level 5 in Polearms
  1551 | D:2      | Reached skill level 5 in Dodging
  2052 | D:3      | You fall through a shaft for 2 floors!
  2052 | D:5      | Entered Level 5 of the Dungeon
  2834 | D:4      | Reached XP level 7. HP: 54/56 MP: 9/15
  2922 | D:4      | Learned a level 3 spell: Ignite Poison
  4147 | D:5      | Found Hutaagej's Assorted Antiques.
  4155 | D:5      | Bought a glittering granite ring for 130 gold pieces
  4159 | D:5      | Identified the ring of Joobry {rPois rF+ Dex+2} (You bought it in a shop on level 5 of the Dungeon)
  4222 | D:5      | Got a sparkling jade ring
  4234 | D:5      | Identified the ring of the Saviour {*Tele +Blink Str+2 Dex-2} (You found it on level 5 of the Dungeon)
  4325 | D:5      | Noticed othur's ghost (novice MiFi)
  4708 | D:6      | Reached XP level 8. HP: 21/63 MP: 3/16
  4970 | D:6      | Noticed Prince Ribbit
  4991 | D:6      | Killed Prince Ribbit
  5303 | D:6      | Got a bloodstained scale mail
  5304 | D:6      | Identified the cursed +1 scale mail of Fedhas's Anger {rElec rPois Str+2 Int+3} (You took it off an orc priest on level 6 of the Dungeon)
  5814 | D:7      | Noticed a hand axe
  5815 | D:7      | Noticed a dagger
  5819 | D:7      | Found a hide-covered altar of Uskayaw.
  5838 | D:7      | Found a staircase to the Ecumenical Temple.
  5876 | D:7      | Slain by an orc warrior

Skill      XL: |  1  2  3  4  5  6  7  8 |
---------------+-------------------------+-----
Spellcasting   | 5 6 |  6.2
Short Blades   | 1 2 3 |  3.6
Long Blades    | 1 2 3 |  3.6
Axes           | 1 2 3 |  3.6
Maces & Flails | 1 2 3 |  3.6
Staves         | 1 2 3 |  3.6
Slings         | 1 2 3 |  3.6
Bows           | 1 2 3 |  3.6
Crossbows      | 1 2 3 |  3.6
Throwing       | 1 2 3 |  3.6
Stealth        | 1 2 3 |  3.6
Shields        | 1 2 3 |  3.6
Unarmed Combat | 1 2 3 |  3.6
Invocations    | 1 2 3 4 |  4.0
Evocations     | 1 2 3 |  3.6
Conjurations   | 1 2 3 |  3.0
Hexes          | 1 2 3 |  3.0
Summonings     | 1 2 3 |  3.0
Necromancy     | 1 2 3 |  3.0
Translocations | 1 2 3 |  3.0
Transmutations | 1 2 3 |  3.0
Fire Magic     | 1 2 3 |  3.0
Ice Magic      | 1 2 3 |  3.0
Air Magic      | 1 2 3 |  3.0
Earth Magic    | 1 2 3 |  3.0
Poison Magic   | 1 2 3 |  3.0
Armour         | 3 4 |  4.5
Fighting       | 5 |  5.9
Polearms       | 5 |  5.9
Dodging        | 5 |  5.9
Charms         | 6 |  6.3

Action                   |  1- 3 |  4- 6 |  7- 9 || total
-------------------------+-------+-------+-------++-------
Melee: Spear             |    72 |   159 |   268 ||   499
       Bite              |     3 |    14 |    31 ||    48
       Punch             |       |     2 |     5 ||     7
 Fire: Hunting sling     |       |    16 |    19 ||    35
 Cast: Infusion          |     2 |     3 |     4 ||     9
       Spectral Weapon   |     2 |    19 |    25 ||    46
       Regeneration      |       |     7 |     7 ||    14
  Use: Scroll            |       |       |     8 ||     8
 Stab: Sleeping          |       |     7 |     4 ||    11
       Distracted        |       |       |     3 ||     3
  Eat: Chunk             |       |     5 |    12 ||    17
       Ration            |       |     1 |       ||     1
Armor: Leather armour    |     8 |     6 |       ||    14
       Robe              |       |    16 |    19 ||    35
       Scale mail        |       |       |    21 ||    21
Dodge: Dodged            |    37 |    61 |   126 ||   224
